 Dungeon Crawl Stone Soup version 0.23.0 (webtiles) character file.

Game seed: 8289740360048795016

9461 DrEnzyme the Protected (level 11, 0/104 HPs)
             Began as a Minotaur Wanderer on Feb 11, 2019.
             Was a High Priest of Makhleb.
             Killed from afar by Josephine (15 damage)
             ... with a ghostly fireball
             ... on level 10 of the Dungeon.
             The game lasted 00:22:37 (9900 turns).

DrEnzyme the Protected (Minotaur Wanderer)          Turns: 9900, Time: 00:22:37

Health: 0/104      AC: 17    Str: 25    XL:     11   Next: 23%
Magic:  1/1        EV: 13    Int: 12    God:    Makhleb [*****.]
Gold:   415        SH:  0    Dex: 11    Spells: 10/10 levels left

rFire    . . .     SeeInvis .   Q - +1 rapier "Xucoz" {pierce, rPois MP-9 Int+4} (curse)
rCold    . . .     Gourm    +   (no shield)
rNeg     . . .     Faith    .   C - +0 plate armour
rPois    +         Spirit   .   (helmet restricted)
rElec    .         Reflect  .   g - +2 cloak
rCorr    .         Harm     .   (no gloves)
MR       .....                  (no boots)
Stlth    ..........             R - amulet of the gourmand
HPRegen  0.27/turn              N - +5 ring of strength
MPRegen  0.07/turn              q - +4 ring of evasion

@: studying Armour, very heavily drained
A: retaliatory headbutt, beak, horns 2, repulsion field 1, robust 1
a: Minor Destruction, Lesser Servant of Makhleb, Major Destruction, Greater
Servant of Makhleb, Renounce Religion


You were on level 10 of the Dungeon.
You worshipped Makhleb.
Makhleb was extremely pleased with you.
You were very full.

You visited 1 branch of the dungeon, and saw 10 of its levels.
You also visited: Sewer.

You collected 712 gold pieces.
You spent 297 gold pieces at shops.

Inventory:

Hand Weapons
 a - a +3 short sword of flaming
 b - a +3 shortbow
 s - a +0 falchion
 y - a +0 blowgun
 Q - the cursed +1 rapier "Xucoz" (weapon) {pierce, rPois MP-9 Int+4}
   (You found it on level 9 of the Dungeon)

   It inflicts extra damage upon your enemies.
   It affects your intelligence (+4).
   It protects you from poison.
   It affects your magic capacity (-9).
   It has a curse placed upon it.
Missiles
 o - 93 arrows (quivered)
 M - 5 curare-tipped needles
Armour
 g - a +2 cloak (worn)
 C - a +0 plate armour (worn)
 E - a cursed -1 large shield
Jewellery
 h - a +4 ring of strength
 k - a +3 ring of protection
 q - a +4 ring of evasion (right hand)
 z - an uncursed amulet of harm
 N - a +5 ring of strength (left hand)
 R - an amulet of the gourmand (around neck)
Wands
 e - a wand of iceblast (7)
 m - a wand of digging (6)
 P - a wand of enslavement (4)
 U - a wand of paralysis (7)
Scrolls
 c - 2 scrolls of teleportation
 i - a scroll of identify
 j - 4 scrolls of amnesia
 n - 2 scrolls of enchant armour
 p - a scroll of brand weapon {unknown}
 v - a scroll of enchant weapon
 w - a scroll of blinking
 A - 3 scrolls of fear
 F - 4 scrolls of magic mapping
 G - a scroll of fog {unknown}
 H - a scroll of immolation {unknown}
 J - a scroll of random uselessness {unknown}
 O - 3 scrolls of remove curse
 V - a scroll of noise {unknown}
Potions
 d - 2 potions of curing
 l - 8 potions of heal wounds
 r - 2 potions of brilliance
 t - a potion of invisibility
 u - a potion of resistance {unknown}
 x - 3 potions of mutation
 B - 2 potions of haste
 D - 2 potions of flight {unknown}
 K - 2 potions of agility
 L - a potion of magic {unknown}
 T - a potion of lignification {unknown}
Books
 I - a manual of Armour
Comestibles
 f - 23 rations


   Skills:
 + Level 8.8(5.5) Fighting
 - Level 11.0(7.5) Short Blades
 * Level 2.5(4.8) Long Blades
 + Level 5.8(2.7) Bows
 + Level 13.5(9.7) Armour
 + Level 1.9(0.0) Dodging
 - Level 1.0(0.0) Stealth
 * Level 9.0(5.6) Shields
 + Level 0.6(0.0) Evocations


You had 10 spell levels left.
You didn't know any spells.
Your spell library contained the following spells:

 Spells                   Type           Power        Failure   Level  Hunger
 Flame Tongue             Conj/Fire      #....        98%         1    ##.....
 Throw Flame              Conj/Fire      #.....       99%         2    ###....
 Conjure Flame            Conj/Fire      #.......     100%        3    ####...
 Inner Flame              Hex/Fire       #.......     100%        3    ####...
 Sticky Flame             Conj/Fire      #.......     100%        4    #####..
 Fireball                 Conj/Fire      #.........   100%        5    ######.


Dungeon Overview and Level Annotations

Branches:
Dungeon (10/15)            Temple (0/1) D:7            Lair (0/6) D:10
    Orc (0/2) D:9

Altars:
Cheibriados
Dithmenos
Hepliaklqana
Makhleb
Okawaru
Qazlal
Wu Jian
Yredelemnul

Shops:
D:6 !

Annotations:
D:3 2 runed translucent doors, jorbis's ghost, amateur DsMo
D:6 3 runed translucent doors, exclusion: 3 doors, Eyebeam's ghost, novice NaBe
D:8 exclusion: downstairs
D:10 Josephine


Innate Abilities, Weirdness & Mutations

You reflexively headbutt those who attack you in melee.
You have a pair of horns on your head.
You have a beak for a mouth.
You are surrounded by a mild repulsion field. (EV +2)
You are robust. (+10% HP)


Message History

You closely miss Josephine.
Josephine is severely wounded.
You puncture Josephine!
Josephine is almost dead.
Josephine is infused with unholy energy.
* * * LOW HITPOINT WARNING * * *
Josephine draws life force from you and is healed!
You closely miss Josephine.
Josephine is severely wounded.
Josephine hits you but does no damage.
You hit Josephine.
Josephine is severely wounded.
Josephine gestures at you while chanting.
The ghostly flame explodes!
The ghostly fireball engulfs you!
You feel drained.
* * * LOW HITPOINT WARNING * * *
The ghostly fireball engulfs Josephine.
Josephine completely resists.
You hear an angry hiss.
Josephine gestures at you while chanting.
The ghostly flame explodes!
The ghostly fireball engulfs you!
You feel drained.
You die...

#................
#.............>..
#................
#................
#z..............
#WW..>.........
#@############
#†# #@# #.# #.#
#.# #.#### #....#
###### ### #...)#
#.†..# #.. #....#
#.#### ##.
#..######(..###
#.


You could see Josephine, 2 wraiths and a wight.

Vanquished Creatures
  A two-headed ogre (D:8)
  2 guardian serpents (D:9)
  A centaur skeleton (D:10)
  A wraith (D:10)
  A wyvern (D:10)
  Grum (D:8)
  10 yaks
  2 hungry ghosts
  A water moccasin (D:10)
  4 phantoms
  A swamp drake (D:10)
  3 ice beasts
  3 sky beasts
  A necrophage (D:6)
  4 wolves (D:8)
  2 ogres
  3 centaurs
  3 crocodiles
  9 big kobolds
  A gnoll sergeant (D:9)
  3 scorpions
  20 killer bees
  A troll zombie (D:9)
  A wight (D:10)
  A howler monkey (D:3)
  3 crimson imps
  2 quasits
  2 bullfrog zombies
  4 hounds
  4 jellies
  2 bullfrog skeletons
  6 orc priests
  6 orc wizards
  3 iguanas
  7 worker ants
  7 ogre zombies (D:9)
  2 hound zombies
  5 hound skeletons
  2 worker ant zombies
  10 adders
  2 howler monkey skeletons
  8 river rats (D:5)
  16 gnolls
  2 shadow imps
  4 oozes
  An adder skeleton (D:3)
  8 worms
  2 dart slugs (D:1)
  3 leopard geckos
  37 orcs
  8 ball pythons
  12 giant cockroaches
  6 goblins
  11 hobgoblins
  15 jackals
  19 kobolds
  8 quokkas
  4 bats
  7 frilled lizards
  3 goblin skeletons (D:9)
  3 goblin zombies (D:9)
  2 hobgoblin skeletons (D:9)
  A hobgoblin zombie (D:9)
  A jackal zombie (D:5)
  A leopard gecko skeleton (D:4)
  2 leopard gecko zombies
  2 orc skeletons (D:9)
  14 orc zombies (D:9)
  A quokka zombie (D:10)
  29 rats
  A bush (D:4)
  A plant (D:4)
379 creatures vanquished.

Vanquished Creatures (collateral kills)
  A gnoll sergeant (D:8)
  A gnoll (D:8)
  3 jackals (D:8)
5 creatures vanquished.

Vanquished Creatures (others)
  A bush (D:4)
1 creature vanquished.

Grand Total: 385 creatures vanquished

Notes
Turn   | Place    | Note
-------+----------+-------------------------------------------
     0 | D:1      | DrEnzyme the Minotaur Wanderer began the quest for the Orb.
     0 | D:1      | DrEnzyme set off with the following items: a +2 shortbow,
                  | 24 arrows, a +0 hand axe, a potion of curing, a +0 robe, a
                  | ration
     0 | D:1      | Reached XP level 1. HP: 18/18 MP: 0/0
    83 | D:1      | Reached XP level 2. HP: 25/25 MP: 1/1
   136 | D:1      | Reached skill level 4 in Armour
   340 | D:1      | Reached XP level 3. HP: 27/30 MP: 2/2
  1105 | D:2      | You fall through a shaft!
  1106 | D:3      | Noticed a fire elemental
  1239 | D:3      | Noticed a scorpion
  1549 | D:2      | Reached XP level 4. HP: 23/37 MP: 3/3
  1788 | D:3      | Reached skill level 5 in Bows
  1831 | D:3      | Reached skill level 1 in Short Blades
  2127 | D:3      | Noticed a water elemental
  2128 | D:3      | Found a stormy altar of Qazlal.
  2134 | D:3      | Noticed an air elemental
  2134 | D:3      | Noticed an earth elemental
  2160 | D:3      | Found a large runed translucent door.
  2161 | D:3      | Found a large runed translucent door.
  2163 | D:3      | Noticed jorbis's ghost (amateur DsMo)
  2173 | D:3      | Reached XP level 5. HP: 35/45 MP: 4/4
  2390 | D:4      | Noticed an ogre
  2399 | D:4      | Killed an ogre
  2399 | D:4      | Reached XP level 6. HP: 52/52 MP: 5/5
  2586 | D:4      | Reached skill level 5 in Armour
  2827 | D:4      | Reached XP level 7. HP: 59/59 MP: 6/6
  3534 | D:4      | Found a hazy altar of Hepliaklqana.
  3756 | D:5      | Entered Level 5 of the Dungeon
  3833 | D:5      | Found a basalt altar of Yredelemnul.
  4182 | D:5      | Gained mutation: You are robust. (+10% HP) [potion of
                  | mutation]
  4182 | D:5      | Gained mutation: You have a beak for a mouth. [potion of
                  | mutation]
  4182 | D:5      | Gained mutation: You are surrounded by a mild repulsion
                  | field. (EV +2) [potion of mutation]
  4305 | D:5      | Reached skill level 6 in Armour
  4316 | D:5      | Reached skill level 5 in Fighting
  4344 | D:5      | Found an iron altar of Okawaru.
  4344 | D:5      | Found a burning altar of Makhleb.
  4348 | D:5      | Became a worshipper of Makhleb the Destroyer
  4472 | D:5      | Reached skill level 5 in Short Blades
  4472 | D:5      | Reached XP level 8. HP: 74/74 MP: 7/7
  4496 | D:5      | Reached skill level 1 in Dodging
  4539 | D:5      | Reached * piety under Makhleb
  4580 | D:5      | Reached skill level 7 in Armour
  4881 | D:6      | Found Ikupp's Distillery.
  4884 | D:6      | Bought a potion of might for 44 gold pieces
  4884 | D:6      | Bought 2 potions of heal wounds for 110 gold pieces
  4884 | D:6      | Bought a potion of invisibility for 88 gold pieces
  4884 | D:6      | Bought a potion of agility for 44 gold pieces
  4884 | D:6      | Bought a potion of degeneration for 11 gold pieces
  4977 | D:6      | Found a glowing drain.
  4980 | D:6      | Reached ** piety under Makhleb
  5048 | Sewer    | Entered a sewer
  5109 | Sewer    | Reached skill level 5 in Shields
  5112 | Sewer    | Reached skill level 8 in Armour
  5338 | Sewer    | Reached XP level 9. HP: 82/82 MP: 8/8
  5801 | D:6      | Found an ornate altar of the Wu Jian Council.
  6038 | D:6      | Found a runed translucent gate.
  6038 | D:6      | Found a runed translucent gate.
  6039 | D:6      | Found a runed translucent gate.
  6043 | D:6      | Noticed Eyebeam's ghost (novice NaBe)
  6052 | D:6      | Reached skill level 9 in Armour
  6278 | D:6      | Found a snail-covered altar of Cheibriados.
  6279 | D:6      | Found a shadowy altar of Dithmenos.
  6409 | D:6      | Reached *** piety under Makhleb
  7151 | D:7      | Reached skill level 10 in Armour
  7395 | D:7      | Found a staircase to the Ecumenical Temple.
  7535 | D:8      | Reached **** piety under Makhleb
  7560 | D:8      | Found an iron altar of Okawaru.
  7568 | D:8      | Noticed Grum
  7571 | D:8      | Reached XP level 10. HP: 87/92 MP: 9/9
  7573 | D:8      | Reached skill level 11 in Armour
  7601 | D:8      | Killed Grum
  7745 | D:8      | Noticed a two-headed ogre
  7832 | D:8      | Killed a two-headed ogre
  7832 | D:8      | Reached skill level 10 in Short Blades
  8237 | D:9      | Noticed a guardian serpent
  8248 | D:9      | Killed a guardian serpent
  8409 | D:9      | Identified the cursed +1 rapier "Xucoz" {pierce, rPois MP-9
                  | Int+4} (You found it on level 9 of the Dungeon)
  8519 | D:9      | Reached skill level 12 in Armour
  8696 | D:9      | Found a staircase to the Orcish Mines.
  8715 | D:9      | Reached ***** piety under Makhleb
  9103 | D:9      | Noticed a guardian serpent
  9118 | D:9      | Killed a guardian serpent
  9272 | D:9      | Reached skill level 1 in Long Blades
  9411 | D:10     | Entered Level 10 of the Dungeon
  9428 | D:10     | Reached XP level 11. HP: 104/104 MP: 1/10
  9430 | D:10     | Reached skill level 13 in Armour
  9671 | D:10     | Found a staircase to the Lair.
  9860 | D:10     | Noticed Josephine
  9900 | D:10     | Killed from afar by Josephine

Skill      XL: |  1  2  3  4  5  6  7  8  9 10 11 |
---------------+----------------------------------+-----
Armour         | 4 5 6 8 10 12 13 | 13.5
Bows           | 4 5 |  5.8
Fighting       | 3 4 5 6 8 |  8.8
Short Blades   | 1 3 4 5 7 9 11 | 11.0
Shields        | 2 3 5 7 8 9 |  9.0
Dodging        | 1 |  1.9
Long Blades    | 1 2 |  2.5
Stealth        | |  1.0
Evocations     | |  0.6

Action                   |  1- 3 |  4- 6 |  7- 9 | 10-12 || total
-------------------------+-------+-------+-------+-------++-------
Melee: Short sword       |    38 |   108 |   572 |   135 ||   853
       Headbutt          |     6 |    21 |   113 |    88 ||   228
       Peck              |       |       |    70 |    85 ||   155
       Rapier            |       |       |       |   273 ||   273
 Fire: Shortbow          |    71 |     6 |       |       ||    77
Evoke: Wand              |       |       |       |     5 ||     5
  Use: Scroll            |       |     2 |    13 |     3 ||    18
       Potion            |       |       |     4 |     1 ||     5
  Eat: Chunk             |     2 |     4 |    16 |    24 ||    46
Armor: Robe              |     3 |       |       |       ||     3
       Ring mail         |    16 |    14 |       |       ||    30
       Plate armour      |       |    47 |   284 |   214 ||   545
Dodge: Dodged            |    30 |    27 |   212 |   236 ||   505
